 Dungeon Crawl Stone Soup version 0.23-a0-837-ga3e6480 (console) character file.

11 Duffy the Magician (level 2, 22/22 HPs)
             Began as a Naga Wizard on Jan 24, 2019.
             Quit the game on level 1 of the Dungeon.
             The game lasted 00:00:41 (373 turns).

Duffy the Magician (Naga Wizard)                     Turns: 373, Time: 00:00:42

Health: 22/22      AC:  4    Str:  9    XL:     2   Next: 29%
Magic:  0/6        EV: 10    Int: 18    God:
Gold:   48         SH:  0    Dex:  9    Spells: 6/7 levels left

rFire    . . .     SeeInvis +   d - ration
rCold    . . .     Gourm    .   (no shield)
rNeg     . . .     Faith    .   a - +0 robe
rPois    +         Spirit   .   f - +2 helmet
rElec    .         Reflect  .   (no cloak)
rCorr    .         Harm     .   (no gloves)
MR       .....     Rnd*Tele +   (no barding)
Stlth    ++........             (no amulet)
HPRegen  0.07/turn              c - ring of teleportation (curse)
MPRegen  0.10/turn              (no ring)

@: very slightly contaminated, very slow
A: large, see invisible, deformed body, poison resistance, slowness 2, slow
metabolism 1, spit poison 1, AC +0
a: Spit Poison


You were on level 1 of the Dungeon.
You were not hungry.

You visited 1 branch of the dungeon, and saw 1 of its levels.

You collected 48 gold pieces.

Inventory:

Armour
 a - a +0 robe (worn)
 f - a +2 helmet (worn)
Jewellery
 c - a cursed ring of teleportation (left hand)
Scrolls
 b - a scroll of magic mapping
Potions
 e - 2 potions of curing {unknown}
Comestibles
 d - a ration (in hand)


   Skills:
 - Level 1.5 Dodging
 - Level 3.0 Stealth
 + Level 3.3 Spellcasting
 + Level 1.7 Conjurations
   Level 1.0 Summonings
   Level 1.0 Translocations


You had 6 spell levels left.
You knew the following spells:

 Your Spells              Type           Power        Failure   Level  Hunger
h - Magic Dart            Conj           #...         8%          1    None

Your spell library contained the following spells:

 Spells                   Type           Power        Failure   Level  Hunger
 Blink                    Tloc           N/A          16%         2    ##.....
 Call Imp                 Summ           #.......     16%         2    ##.....
 Slow                     Hex            #.......     24%         2    ##.....
 Conjure Flame            Conj/Fire      #.......     32%         3    ###....
 Mephitic Cloud           Conj/Pois/Air  #.......     36%         3    ###....


Dungeon Overview and Level Annotations

Branches:
Dungeon (1/15)

Altars:


Innate Abilities, Weirdness & Mutations

You cannot wear boots.
Your serpentine skin is tough. (AC +0)
You have supernaturally acute eyesight. (SInv)
Armour fits poorly on your strangely shaped body.
Your system is resistant to poisons. (rPois)
You cover ground very slowly.
You have a slow metabolism.
You can spit poison.


Message History

The magic dart hits the dart slug.
The dart slug is severely wounded.
Casting: Magic Dart (safe; 9% risk of failure)
Confirm with . or Enter, or press ? or * to list all spells.
Aiming: Magic Dart (safe; 9% risk of failure)
Press: ? - help, Shift-Dir - straight line, f/p - dart slug
Aim: a dart slug (severely wounded)
The magic dart hits the dart slug.
The dart slug is almost dead.
Casting: Magic Dart (safe; 9% risk of failure)
Confirm with . or Enter, or press ? or * to list all spells.
Aiming: Magic Dart (safe; 9% risk of failure)
Press: ? - help, Shift-Dir - straight line, f/p - dart slug
Aim: a dart slug (almost dead, clinging)
The magic dart hits the dart slug.
You kill the dart slug!
Casting: Magic Dart (safe; 8% risk of failure)
Confirm with . or Enter, or press ? or * to list all spells.
You don't have enough magic to cast that spell.
Are you sure you want to abandon this character and quit the game? (Confirm with "yes".)

###.##.#...,**.......*
..#.##.#.#####.......#*************
.....................+,,,,,,,,,,>,,
..#....#..#**#.......#******,*,,,**
.)..#.....# #.......# *,*,,,**
#.#.#.#...# #.......# *,*,,,,,
..#.#.#...####.......####***,,,,,*,
..#.###...##.'...........,,,,,,,,,,
..#.###...##.#...@.%%....,,,,,,,,*,
#.#......[...#(######....,,,,,,,,**
#.######..####.# *,,,.,,,,,,,,*,
#()....)..#,,#.# **,,,,,,,,,,,,*,
##.#####.##,*#.# *,,,,,,,,,,,,,,,
#.# #.#*,*#.#****,,,,,,,,,,,,***
#.## #.#*,*#.#,,,+,,,,,,,,,,,,*
#..# #.#*,*#.#,***,,,,,,,,,,,,*
##.# #.#*,*#.#,* *,,,,,,,,,,,,*


There were no monsters in sight!

Vanquished Creatures
  2 dart slugs (D:1)
  2 goblins (D:1)
  A kobold (D:1)
  3 rats (D:1)
8 creatures vanquished.

Notes
Turn   | Place    | Note
-------+----------+-------------------------------------------
     0 | D:1      | Duffy the Naga Wizard began the quest for the Orb.
     0 | D:1      | Reached XP level 1. HP: 15/15 MP: 4/4
   253 | D:1      | Reached XP level 2. HP: 22/22 MP: 0/6
   373 | D:1      | Quit the game

Vault maps used:
D:1:      sevenhm_arrival_forest_fort_small_3

Action                   || total
-------------------------++-------
 Cast: Magic Dart        ||    21
 Abil: Spit Poison       ||     1
  Use: Scroll            ||     1
Armor: Robe              ||     1
Dodge: Dodged            ||     2

Table legend:
 A = Non-vault XP
 B = Vault XP
 C = Vault XP percentage of total XP
 D = Non-vault monster count
 E = Vault monster count
 F = Vault count percentage of total count
                 A         B        C        D         E       F
            +---------+---------+-------+---------+---------+-------
      Total |      17 |       0 |   0.0 |       8 |       0 |   0.0
            +---------+---------+-------+---------+---------+-------
        D:1 |      17 |       0 |   0.0 |       8 |       0 |   0.0
            +---------+---------+-------+---------+---------+-------
